[Event "17th Delhi GM Open 2019-B"]
[Site "Delhi"]
[Date "2019.01.09"]
[Round "3"]
[White "Smeeru, Thakur"]
[Black "Ragesh Sarma.M"]
[Result "0-1"]
[ECO "B40"]
[WhiteElo "1894"]
[BlackElo "1658"]
[Annotator "NA RC"]
[PlyCount "106"]
[EventDate "2019.01.09"]
[EventType "swiss"]
[EventCountry "IND"]
[SourceTitle "playchess.com"]
[Source "ChessBase"]
[SourceQuality "1"]
[TimeControl "3600+30"]

1. e4 c5 2. Nf3 e6 3. g3 a6 {[%emt 0:00:00] B40: Sicilian: 2...e6, Unusual lines} (3... Nc6 4. Bg2 Nf6 5. Qe2 Be7 6. O-O O-O 7. Rd1 e5 8. c3 Re8 9. Na3 Bf8 10. d3 d5 11. exd5 Nxd5 12. Ng5 h6 13. Ne4 f5 {1-0 (65) Artemiev,V (2706)-Morozevich,A (2656) Sochi 2018}) 4. Bg2 b5 5. O-O Bb7 6. Re1 d6 7. d3 {[%emt 0:00:00] LiveBook: 7 Games} (7. d4 $16) 7... Nf6 8. Nbd2 Be7 9. Nf1 Qc7 10. h4 $146 ({Predecessor:} 10. h3 O-O 11. c3 Nbd7 {0-1 (28) Pineda Arroyave,O-Amado,A Cali 2012}) 10... Nbd7 11. N3h2 d5 12. Bf4 e5 13. exd5 exf4 14. d6 Qxd6 15. Bxb7 Ra7 16. Qf3 fxg3 17. Nxg3 Ne5 (17... g6 $1 $11) 18. Qg2 (18. Qf4 $16 Rxb7 19. Nf5 (19. Rxe5 g6 $11)) 18... g6 19. Ne4 Nxe4 20. Qxe4 O-O 21. Qxe5 Rxb7 22. Qxd6 Bxd6 23. Nf3 Re7 24. Kg2 Rfe8 25. c3 Kg7 26. Rxe7 Rxe7 27. Re1 Rxe1 28. Nxe1 Kf6 29. Kf3 Kf5 30. Ng2 h5 31. d4 (31. Ne3+ $142 Ke6 32. b3) 31... cxd4 32. cxd4 f6 33. Ne3+ Ke6 34. Ke4 f5+ 35. Kd3 Be7 36. Ng2 g5 37. Ke3 Kd5 38. Kf3 Kxd4 39. hxg5 Bxg5 40. Ne1 Bd2 41. Ng2 Kd3 42. Nh4 f4 43. Ng6 Kc2 44. b3 Kb2 45. Nxf4 Kxa2 46. Nxh5 Kxb3 47. Ke2 Bh6 48. Nf6 b4 49. Kd3 Ka2 50. Ne4 b3 51. Kc4 b2 52. Nc3+ Ka1 53. Kd3 Bg7 0-1

[Event "17th Delhi GM Open 2019-B"]
[Site "Delhi"]
[Date "2019.01.09"]
[Round "3"]
[White "Nayak, Sanjeeban"]
[Black "Mokashi Rohit"]
[Result "1-0"]
[ECO "A06"]
[WhiteElo "1844"]
[BlackElo "1641"]
[Annotator "NA RC"]
[PlyCount "87"]
[EventDate "2019.01.09"]
[EventType "swiss"]
[EventCountry "IND"]
[SourceTitle "playchess.com"]
[Source "ChessBase"]
[SourceQuality "1"]
[TimeControl "3600+30"]

1. Nf3 d5 2. b3 Bf5 3. Bb2 e6 4. e3 Nf6 5. Be2 Nbd7 {[%emt 0:00:00] LiveBook: 17 Games} 6. d3 {[%emt 0:00:33] A06: Réti Opening:1 Nf3 d5} c6 7. Nbd2 Qc7 (7... h6 8. O-O a5 9. a3 Bh7 {½-½ (9) Duran Vega,S (2360)-Borges Matos,J (2436) Havana 2018}) 8. Rc1 $146 ({Predecessor:} 8. O-O h6 9. Nh4 Bh7 10. f4 Bd6 11. Nhf3 {½-½ (54) Smalskys,V-Samodelkin,A (1621) Kaunas 2015}) 8... e5 9. c4 dxc4 10. Rxc4 Bd6 11. O-O Nb6 12. Rc1 Rd8 13. e4 Bg6 14. Qc2 O-O 15. a4 Rfe8 {[%emt 0:01:17] [#]} 16. Rfd1 ({White should try} 16. a5 $1 $16 Nbd7 {[#]} 17. a6 $1 ) 16... Bb4 17. Nf1 a5 18. Ne3 Nfd7 19. Bc3 Qd6 20. Nd2 f6 21. Ndc4 Nxc4 22. Nxc4 Qc5 23. Bxb4 Qxb4 (23... axb4 $15 24. Bg4 Bf7) 24. Qc3 Nf8 25. Nxa5 Qe7 26. Bg4 Rd4 27. Nc4 Bf7 28. Ne3 Qa3 29. Nc2 Qxb3 30. Nxd4 Qxc3 31. Rxc3 exd4 32. Ra3 Ra8 33. Rb1 b5 34. Rb4 Be8 35. Rxd4 c5 36. Rd5 b4 37. Ra1 b3 38. Rxc5 Rxa4 $18 39. Rxa4 Bxa4 40. Rc8 Kf7 41. Rb8 Ng6 42. Bh5 Ke6 43. Bxg6 hxg6 44. Rb4 1-0

[Event "17th Delhi GM Open 2019-B"]
[Site "Delhi"]
[Date "2019.01.09"]
[Round "3"]
[White "Swapnaneel Dowerah"]
[Black "Koustav Chakraborty"]
[Result "0-1"]
[ECO "B23"]
[WhiteElo "1666"]
[BlackElo "1898"]
[Annotator "NA RC"]
[PlyCount "58"]
[EventDate "2019.01.09"]
[EventType "swiss"]
[EventCountry "IND"]
[SourceTitle "playchess.com"]
[Source "ChessBase"]
[SourceQuality "1"]
[TimeControl "3600+30"]

1. e4 c5 2. Nc3 Nc6 3. f4 g6 4. Nf3 Bg7 5. Bc4 e6 6. O-O Nge7 7. d3 O-O 8. Qe1 d5 9. Bb3 $1 Nd4 10. Nxd4 $1 {[%emt 0:00:00] LiveBook: 49 Games} cxd4 11. Ne2 dxe4 12. dxe4 a5 13. a3 d3 14. Ng3 (14. Nc3 $11) 14... a4 $17 15. Ba2 dxc2 16. Qd2 Qxd2 17. Bxd2 Bxb2 18. Rae1 Bxa3 19. Re2 Bd7 20. Bc1 Bc5+ 21. Be3 Bxe3+ 22. Rxe3 Rfc8 23. Rc1 b5 24. Ne2 b4 25. Nd4 b3 26. Nxb3 axb3 27. Bxb3 Ba4 28. Bxa4 Rxa4 29. Rd3 Rb4 0-1

[Event "17th Delhi GM Open 2019-B"]
[Site "Delhi"]
[Date "2019.01.09"]
[Round "3"]
[White "Sathish Chandra, G."]
[Black "Farzad, Khusraw"]
[Result "1/2-1/2"]
[ECO "B22"]
[WhiteElo "1665"]
[BlackElo "1877"]
[Annotator "NA RC"]
[PlyCount "87"]
[EventDate "2019.01.09"]
[EventType "swiss"]
[EventCountry "IND"]
[SourceTitle "playchess.com"]
[Source "ChessBase"]
[SourceQuality "1"]
[TimeControl "3600+30"]

1. e4 c5 2. c3 d6 3. d4 cxd4 4. cxd4 Nf6 5. Nc3 e6 {[%emt 0:00:00] LiveBook: 3 Games} 6. Bg5 {[%emt 0:00:00] B22: Sicilian: 2 c3} (6. Nf3 Be7 7. Bd3 O-O 8. Qe2 a6 9. e5 dxe5 10. dxe5 Nd5 11. O-O Nc6 12. Qe4 g6 13. Bh6 Re8 14. Rad1 Nxc3 15. bxc3 Qa5 16. h4 Qxc3 17. Qf4 Bf8 18. Bxf8 Rxf8 19. Qh6 f6 20. h5 Rf7 21. hxg6 hxg6 22. Bxg6 Rg7 23. Rd3 Qb2 24. Rfd1 {1-0 (24) Kislinsky,A (2513)-Lewicki,M (2404) Katowice 2017}) 6... Be7 7. e5 Nd5 8. Bxe7 Qxe7 9. Bb5+ Bd7 10. Bxd7+ $146 ({Predecessor:} 10. Qg4 O-O 11. Nge2 dxe5 12. dxe5 Nxc3 13. Nxc3 Bxb5 14. Nxb5 {0-1 (57) Stanojevic,I (1874)-Savic,M (1763) Subotica 2014}) 10... Qxd7 11. Qg4 f5 12. Qh5+ g6 13. Nxd5 exd5 (13... gxh5 $5 14. Nf6+ $8 {[%mdl 64] Double Attack} Ke7 15. Nxd7 Nxd7 $11) 14. Qd1 dxe5 15. dxe5 Qb5 16. Qd2 Nc6 17. f4 Nb4 18. Rd1 Rc8 19. a3 Nc2+ 20. Kf2 Qxb2 21. Ne2 Qb6+ 22. Kg3 Qb3+ 23. Qd3 Qxa3 24. Qxa3 Nxa3 25. Rxd5 Nc4 26. Nd4 Ke7 27. Nb5 $2 {[%emt 0:00:26] [#]} (27. Rb1 $11 b6 28. Kf2) 27... a6 $1 28. Nd6 {[%emt 0:00:25] [#]} Nxd6 $2 (28... Rcd8 $1 $19 29. Re1 {[#]} Rhe8 $1 ) 29. Rxd6 Rhd8 30. Rb6 $1 Rc7 31. Rhb1 Rdd7 32. e6 (32. h3 $11) 32... Rd3+ 33. Kh4 h6 34. Rxb7 Rxb7 35. Rxb7+ Kxe6 36. Rh7 Rd2 37. Kg3 h5 38. Rg7 Kf6 39. Ra7 Ra2 40. h3 a5 41. Ra6+ Kg7 42. Ra7+ Kh6 43. Kh4 Rxg2 $11 44. Rh7+ 1/2-1/2

[Event "17th Delhi GM Open 2019-B"]
[Site "Delhi"]
[Date "2019.01.09"]
[Round "3"]
[White "Konjengbam Poireikhomba Meete"]
[Black "Heikrujam Jacky Singh"]
[Result "1/2-1/2"]
[ECO "B18"]
[WhiteElo "1663"]
[BlackElo "1870"]
[Annotator "NA RC"]
[PlyCount "52"]
[EventDate "2019.01.09"]
[EventType "swiss"]
[EventCountry "IND"]
[SourceTitle "playchess.com"]
[Source "ChessBase"]
[SourceQuality "1"]
[TimeControl "3600+30"]

1. e4 c6 2. d4 d5 3. Nd2 dxe4 4. Nxe4 Bf5 5. Ng3 Bg6 $1 6. Nf3 Nd7 7. Bd3 Ngf6 8. O-O e6 {[%emt 0:00:00] LiveBook: 257 Games} 9. a3 {[%emt 0:00:00] B18: Classical Caro-Kann: 4...Bf5 sidelines} (9. b3 a5 10. a4 Bd6 11. Bb2 Qc7 12. Re1 O-O 13. Bxg6 hxg6 14. Ne5 b5 15. Qf3 bxa4 16. Rxa4 Nb6 17. Raa1 {½-½ (31) Paehtz,E (2513)-Karjakin,S (2760) Douglas 2018}) 9... Be7 $146 ({Predecessor:} 9... b5 10. Ne5 Nxe5 11. dxe5 Bxd3 12. cxd3 Nd5 13. d4 Be7 14. Qg4 g6 15. Bh6 Bf8 16. Bxf8 h5 {½-½ (39) Chernysh,A-Grybas,G (1992) Vilnius 2013}) 10. Qe2 O-O 11. Bd2 Rc8 12. b4 Re8 13. Rfd1 Qc7 14. c4 Bd6 15. Bxg6 hxg6 16. c5 Bf4 17. Ne4 Bxd2 18. Nfxd2 Rcd8 19. Nd6 Rf8 20. f4 Ne8 21. N2e4 Ndf6 22. Nxf6+ (22. Nxe8 $11 Rfxe8 23. Nd6) 22... Nxf6 ({Black should try} 22... gxf6 $15 23. Nxe8 Rfxe8) 23. g3 Ne8 24. Nc4 Nf6 25. Nd6 Ne8 26. Nc4 $11 Nf6 1/2-1/2

[Event "17th Delhi GM Open 2019-B"]
[Site "Delhi"]
[Date "2019.01.09"]
[Round "3"]
[White "Pardeep Singh Negi"]
[Black "Dhanush Ragav N S"]
[Result "0-1"]
[ECO "C83"]
[WhiteElo "1663"]
[BlackElo "1854"]
[Annotator "NA RC"]
[PlyCount "34"]
[EventDate "2019.01.09"]
[EventType "swiss"]
[EventCountry "IND"]
[SourceTitle "playchess.com"]
[Source "ChessBase"]
[SourceQuality "1"]
[TimeControl "3600+30"]

1. e4 e5 2. Nf3 Nc6 3. Bb5 a6 4. Ba4 Nf6 5. O-O Nxe4 6. d4 b5 7. Bb3 d5 8. dxe5 Be6 9. Nbd2 Be7 10. c3 O-O 11. Bc2 f5 12. Nb3 Qd7 13. Nbd4 Nxd4 14. cxd4 Rad8 15. b3 c5 16. dxc5 Bxc5 17. Nd4 Nc3 0-1

[Event "17th Delhi GM Open 2019-B"]
[Site "Delhi"]
[Date "2019.01.09"]
[Round "3"]
[White "Adireddy Tarun"]
[Black "Deshpande Abhishek"]
[Result "0-1"]
[ECO "D08"]
[WhiteElo "1661"]
[BlackElo "1845"]
[Annotator "NA RC"]
[PlyCount "94"]
[EventDate "2019.01.09"]
[EventType "swiss"]
[EventCountry "IND"]
[SourceTitle "playchess.com"]
[Source "ChessBase"]
[SourceQuality "1"]
[TimeControl "3600+30"]

1. d4 d5 2. c4 e5 3. dxe5 d4 4. Nf3 Nc6 5. Bf4 {[%emt 0:00:00] LiveBook: 8 Games} Nge7 6. h3 {[%emt 0:00:00] D08: Albin Counter Gambit} (6. Nbd2 Ng6 7. Bg3 a5 8. a3 a4 9. Qc2 Bc5 10. Ne4 Ba7 11. O-O-O Qe7 12. e3 dxe3 13. Nc3 Be6 {½-½ (77) Mihalincic,T (2255)-Plenca,J (2410) Zagreb 2017}) 6... Ng6 7. e3 $146 ({Predecessor:} 7. Bh2 a5 8. Nbd2 Be7 9. g3 O-O 10. Bg2 Ngxe5 11. O-O Re8 12. Nxe5 Nxe5 13. Qb3 Ra6 {0-1 (23) Sawmynaden,R (1694)-Van Rensburg,R (2178) Port Louis 2016}) 7... Bb4+ 8. Nbd2 O-O 9. a3 dxe3 10. fxe3 Bxd2+ 11. Qxd2 Qxd2+ 12. Kxd2 Re8 13. e6 Bxe6 14. Bxc7 Rac8 15. Bf4 ({White should play} 15. Bg3 $15) 15... Na5 16. Bd3 (16. Ke1 $17) 16... Nb3+ ({But not} 16... Nxc4+ 17. Bxc4 Bxc4 18. g3 $17) 17. Kc3 Nxa1 18. Rxa1 Bxc4 19. Bxc4 b5 20. b3 bxc4 21. bxc4 Nxf4 22. exf4 Re4 23. Nd4 Rxf4 24. Re1 Kf8 25. g3 Rf2 26. Re3 h5 27. Nb5 a6 28. Nd6 Rd8 29. c5 Rf1 30. Kb4 Rd1 31. Rc3 {[%emt 0:02:15] [#]} g5 ({Black should play} 31... Rb8+ $1 $19 32. Ka5 Ke7) 32. Nb7 $2 (32. Rf3 $15) 32... Rb1+ $19 33. Rb3 Rxb3+ 34. Kxb3 Rb8 35. c6 Rc8 36. Na5 f5 37. Kc4 f4 38. gxf4 g4 39. hxg4 h4 40. Kc5 h3 41. Nb7 h2 42. Nd6 Ra8 43. c7 h1=Q 44. c8=Q+ Rxc8+ 45. Nxc8 Qc1+ 46. Kb6 Qxc8 47. g5 Ke7 0-1

[Event "17th Delhi GM Open 2019-B"]
[Site "Delhi"]
[Date "2019.01.09"]
[Round "3"]
[White "Hage Lasa Nado"]
[Black "Selvamurugan B"]
[Result "1/2-1/2"]
[ECO "C15"]
[WhiteElo "1658"]
[BlackElo "1844"]
[Annotator "NA"]
[PlyCount "44"]
[EventDate "2019.01.09"]
[EventType "swiss"]
[EventCountry "IND"]
[SourceTitle "playchess.com"]
[Source "ChessBase"]
[SourceQuality "1"]
[TimeControl "3600+30"]

1. e4 e6 2. d4 d5 3. Nc3 Bb4 4. Qg4 Nf6 5. Qxg7 Rg8 6. Qh6 Rg6 {[%emt 0:00:00] LiveBook: 22 Games} 7. Qh4 {[%emt 0:00:00] C15: French: 3 Nc3 Bb4: Unusual White 4th moves} (7. Qe3 c5 8. a3 Ba5 9. Nge2 Nc6 10. f3 e5 11. dxc5 d4 12. Qf2 dxc3 13. b4 Bc7 14. Be3 b6 15. Nxc3 {0-1 (31) Catt,P (2416)-Tauber,H (2500) ICCF email 2014}) 7... dxe4 8. Bg5 Qxd4 9. Nge2 Qe5 10. Bxf6 Rxf6 $146 ({Predecessor:} 10... Qxf6 11. Qxe4 Nc6 12. g3 Bd7 13. Bg2 O-O-O 14. O-O-O Qe5 {1-0 (69) Pedersen,N (2290)-Nilsson,M (2145) Hallsberg 1997}) 11. O-O-O Bxc3 12. Nxc3 Qf4+ 13. Qxf4 Rxf4 14. g3 Rxf2 15. Nxe4 Rf5 16. Bh3 Re5 (16... Rb5 $1 $14) 17. Nf6+ Ke7 {[%emt 0:00:00] [#]} 18. Ng8+ (18. Nd5+ $1 $16 Rxd5 19. Rxd5) 18... Ke8 19. Nf6+ {[%emt 0:01:29] Double Attack} Ke7 20. Ng8+ Ke8 21. Nf6+ $11 Ke7 22. Ng8+ Ke8 1/2-1/2